 Dungeon Crawl Stone Soup version 0.20.0-9-g8272e65 (webtiles) character file.

109241 hmmm the Demonic Blade (level 16, -1/117 HPs)
             Began as a Demonspawn Wanderer on June 3, 2017.
             Was the Champion of Okawaru.
             Slain by a shambling mangrove (28 damage)
             ... on level 1 of the Swamp.
             The game lasted 01:06:17 (22655 turns).

hmmm the Demonic Blade (Demonspawn Wanderer)       Turns: 22655, Time: 01:06:17

Health: -1/117     AC: 18    Str: 15    XL:     16   Next: 4%
Magic:  19/19      EV:  7    Int: 16    God:    Okawaru [******]
Gold:   2124       SH:  0    Dex: 15    Spells: 17/17 levels left

rFire    + + .     SeeInvis .   E - +6 triple sword "Wufamun" {vamp, rC- rN++}
rCold    + . .     Gourm    .   (shield currently unavailable)
rNeg     + + .     Faith    .   I - +0 plate armour {rC+}
rPois    .         Spirit   .   (helmet restricted)
rElec    .         Reflect  .   r - scarf {rC+ rF+}
rCorr    .         Harm     .   v - +0 pair of gloves
MR       ++...                  X - +2 pair of boots {run}
Stlth    ..........             m - amulet of regeneration
Regen    0.7/turn               i - ring of protection from fire
MPRegen  0.2/turn               V - ring of protection from magic

@: grasped by roots, slow
A: horns 2, talons 1, low mp 1, powered by death 1, spiny 3, sturdy frame 3
a: Heroism, Finesse, Renounce Religion


You were on level 1 of the Swamp.
You worshipped Okawaru.
Okawaru was exalted by your worship.
You were not hungry.

You visited 4 branches of the dungeon, and saw 24 of its levels.
You also visited: Ice Cave.

You collected 2526 gold pieces.
You spent 402 gold pieces at shops.

Inventory:

Hand Weapons
 E - the +6 triple sword "Wufamun" (weapon) {vamp, rC- rN++}
   (Okawaru gifted it to you on level 6 of the Lair of Beasts)

   It inflicts no extra harm, but heals its wielder when it wounds a living foe.
   It makes you vulnerable to cold.
   It greatly protects you from negative energy.
 P - the +1 scimitar of the Priest {flame, Int+3}
   (Okawaru gifted it to you on level 3 of the Lair of Beasts)

   It has been specially enchanted to burn those struck by it, causing extra
   injury to most foes and up to half again as much damage against particularly
   susceptible opponents.
   Big, fiery blades are also staple armaments of hydra-hunters.
   It affects your intelligence (+3).
Armour
 r - a scarf of resistance (worn)
 v - a +0 pair of gloves (worn)
 I - a +0 plate armour of cold resistance (worn)
 X - a +2 pair of boots of running (worn)
Jewellery
 i - a ring of protection from fire (left hand)
 m - an amulet of regeneration (around neck)
 u - an uncursed ring of ice
 z - an uncursed ring of resist corrosion
 V - a ring of protection from magic (right hand)
Wands
 c - a wand of clouds (3/9)
 g - a wand of paralysis (12/24)
 t - a wand of iceblast (4/15)
 A - a wand of iceblast (4/15)
 F - a wand of iceblast (12/15)
 G - a wand of paralysis (18/24)
 H - a wand of paralysis (12/24)
 Q - a wand of acid (2/15)
Scrolls
 b - 3 scrolls of enchant weapon
 e - 5 scrolls of amnesia
 f - 7 scrolls of identify
 n - 5 scrolls of teleportation
 o - 4 scrolls of magic mapping
 x - 2 scrolls of vulnerability
 y - 8 scrolls of remove curse
 B - 6 scrolls of enchant armour
 K - 2 scrolls of recharging
 L - 2 scrolls of fear
 M - a scroll of summoning
 N - a scroll of brand weapon
Potions
 a - a potion of cancellation {unknown}
 h - 3 potions of brilliance
 j - a potion of invisibility
 p - 3 potions of agility
 q - 4 potions of curing
 C - 2 potions of heal wounds
 O - a potion of might
 S - a potion of magic
 T - 3 potions of flight
 W - 2 potions of resistance
 Z - 4 potions of haste
Books
 w - a book of Beasts

   Spells                             Type                      Level
   a - Summon Butterflies             Summoning                    1
   b - Call Canine Familiar           Summoning                    3
   c - Summon Ice Beast               Ice/Summoning                4
   d - Summon Mana Viper              Hexes/Summoning              5
   e - Summon Hydra                   Summoning                    7
 D - a Young Poisoner's Handbook

   Spells                             Type                      Level
   a - Sting                          Conjuration/Poison           1
   b - Poisonous Vapours              Poison/Air                   2
   c - Mephitic Cloud                 Conjuration/Poison/Air       3
   d - Olgreb's Toxic Radiance        Poison                       4
   e - Venom Bolt                     Conjuration/Poison           5
 J - a book of Cantrips

   Spells                             Type                      Level
   a - Confusing Touch                Hexes                        1
   b - Animate Skeleton               Necromancy                   1
   c - Summon Small Mammal            Summoning                    1
   d - Apportation                    Translocation                1
 R - a book of Necromancy

   Spells                             Type                      Level
   a - Pain                           Necromancy                   1
   b - Animate Skeleton               Necromancy                   1
   c - Vampiric Draining              Necromancy                   3
   d - Regeneration                   Charms/Necromancy            3
   e - Animate Dead                   Necromancy                   4
   f - Control Undead                 Necromancy                   4
Comestibles
 d - 9 bread rations
 k - 17 meat rations
 l - 15 fruits
 s - 20 royal jellies


   Skills:
 - Level 8.1 Fighting
 * Level 21.5 Long Blades
   Level 1.0 Bows
 - Level 8.2 Armour
 - Level 4.0 Dodging
 - Level 1.0 Stealth
   Level 1.0 Shields
 - Level 1.0 Spellcasting
   Level 2.0 Conjurations
 - Level 8.0 Invocations


You had 17 spell levels left.
You didn't know any spells.

Dungeon Overview and Level Annotations

Branches:
Dungeon (15/15)            Temple (0/1) D:7            Lair (6/6) D:8
  Swamp (1/4) Lair:3        Snake (0/4) Lair:2        Slime (0/5) Lair:5
    Orc (2/2) D:9             Elf (0/3) Orc:2        Vaults (0/5) D:13
 Depths (0/5) D:15

Altars:
Ashenzari
Cheibriados
Dithmenos
Elyvilon
Gozag
Makhleb
Nemelex Xobeh
Okawaru
Qazlal
Ru
Sif Muna
Trog
Yredelemnul
Zin
The Shining One

Shops:
D:10 %   D:11 [   Orc:1 }   Orc:2 %:%[:

Portals:
Pandemonium: Orc:2

Annotations:
D:12 1 runed door
Lair:6 1 runed door


Innate Abilities, Weirdness & Mutations

You have a pair of horns on your head.
You regenerate a little health from kills.
You are completely covered in sharp spines.
Your movements are significantly less encumbered by armour. (ER -6)
You have sharp toenails.
Your magical capacity is low. (-10% MP)


Message History

The spriggan rider hits you from afar with a spear!
The swamp dragon barely misses you.
You riposte.
You slash the swamp dragon!
The swamp dragon is almost dead.
The swamp dragon closely misses you. The swamp dragon tramples you.
You hold your ground!
You slash the swamp dragon!
You kill the swamp dragon!
Okawaru accepts your kill.
The swamp dragon scales are intact enough to wear.
The spriggan rider hits you but does no damage.
The spriggan rider hits you but does no damage.
Things that are here:
+0 swamp dragon scales; a swamp dragon corpse You miss the spriggan rider.
The spriggan rider hits you with a spear.
You miss the spriggan rider.
The spriggan rider hits you with a spear!
* * * LOW HITPOINT WARNING * * *
The shambling mangrove hits you!!
You die...

♣♣♣♣♣♣♣♣
♣♣♣♣♣.<....♣
.♣♣♣..[≈.≈.♣♣♣♣
...≈≈≈≈≈..♣♣
≈≈♣≈...@≈≈.♣
≈≈≈.≈≈fi≈≈..♣
...≈≈≈≈.♣♣§..♣
≈♣♣≈.≈≈.≈ ≈...♣
≈≈≈≈≈♣.. ..≈.♣
≈≈≈≈....≈≈§≈≈>♣
≈≈≈≈≈.♣.≈≈≈♣≈≈.
.§≈≈..♣♣..≈


You could see a shambling mangrove and a spriggan rider.

Vanquished Creatures
  Rupert (Lair:6)
  An acid blob (Lair:5)
  A very ugly thing (D:15)
  A mummy priest (D:14)
  Snorg (D:10)
  A yaktaur captain (D:15)
  2 ice dragons (D:12)
  2 fire dragons (D:12)
  Erolcha (D:10)
  6 hydras
  Harold (D:11)
  8 vault guards
  Fannar (Lair:2)
  6 centaur warriors
  3 two-headed ogres
  An alligator (Swamp:1)
  7 orc high priests (Orc:2)
  Urug (D:10)
  2 sixfirhies (Orc:2)
  5 skeletal warriors (D:13)
  An infernal demonspawn (Orc:2)
  A torturous demonspawn (Orc:2)
  A swamp dragon (Swamp:1)
  3 unseen horrors
  A gelid demonspawn (Orc:2)
  3 lindwurms (Lair:6)
  A wizard (D:14)
  A deep elf mage (D:12)
  5 orc knights
  5 orc sorcerers (Orc:2)
  3 cyclopes
  17 ugly things
  A manticore (D:15)
  Joseph (D:9)
  15 spiny frogs
  3 black mambas
  8 torpor snails
  An orange demon (Orc:2)
  2 ice statues (IceCv)
  A gargoyle (D:15)
  An efreet (D:14)
  A yaktaur (D:15)
  5 komodo dragons
  2 rime drakes
  7 ice devils
  5 guardian mummies (D:14)
  A queen bee (Lair:1)
  5 trolls
  A tengu conjurer (D:15)
  2 polar bears
  Grinder (D:5)
  A wolf spider simulacrum (D:15)
  11 hornets
  8 blink frogs
  3 tyrant leeches (Lair:6)
  10 slime creatures
  4 hippogriffs
  An air elemental (Orc:2)
  3 centaur simulacra (D:15)
  Sigmund (D:2)
  A vampire (D:12)
  A ynoxinul (Orc:2)
  A spriggan (D:10)
  28 yaks
  2 wyverns
  Grum (D:9)
  Menkaure (D:14)
  2 hungry ghosts
  5 vampire mosquitoes
  A soldier ant (D:12)
  13 swamp worms
  3 wargs (Orc:2)
  2 acid dragons
  3 nagas (Lair:2)
  12 water moccasins
  Duvessa (D:4)
  8 porcupines
  3 swamp drakes
  5 black bears
  8 ice beasts
  36 orc warriors
  7 sky beasts
  A meliai simulacrum (D:15)
  A hornet zombie (D:6)
  An eye of draining (D:15)
  5 phantoms
  A necrophage (D:9)
  9 ogres
  7 wolves
  18 centaurs
  12 crocodiles
  10 bullfrogs
  A wyvern skeleton (D:12)
  Dowan (D:5)
  3 scorpions
  A water moccasin skeleton (D:6)
  34 killer bees
  4 wights (D:12)
  An electric eel (Lair:3)
  5 howler monkeys
  6 centaur zombies
  12 crimson imps
  A quasit (D:8)
  3 bullfrog skeletons
  8 hounds
  6 jellies
  30 orc wizards
  32 orc priests
  A bullfrog zombie (D:13)
  6 centaur skeletons
  14 worker ants
  4 iguanas
  A hound zombie (D:5)
  4 mummies (D:14)
  A worker ant zombie (D:5)
  A howler monkey skeleton (D:7)
  12 adders
  3 gnolls
  5 shadow imps
  22 white imps
  11 ufetubi (IceCv)
  7 oozes
  An adder zombie (D:6)
  18 worms
  A dart slug (D:2)
  8 leopard geckos
  98 orcs
  2 ball pythons (D:4)
  4 giant cockroaches
  5 goblins
  7 hobgoblins
  18 jackals
  7 quokkas
  4 bats
  3 frilled lizards
  A jackal zombie (D:6)
  4 kobolds
  A leopard gecko zombie (D:5)
  10 rats
840 creatures vanquished.

Vanquished Creatures (collateral kills)
  A killer bee (Lair:1)
1 creature vanquished.

Vanquished Creatures (others)
  A reaper (IceCv)
  An orc wizard (D:9)
  An ufetubus (IceCv)
  2 fungi (Lair:6)
  9 plants (Lair:6)
14 creatures vanquished.

Grand Total: 855 creatures vanquished

Notes
Turn   | Place    | Note
-------+----------+-------------------------------------------
     0 | D:1      | hmmm the Demonspawn Wanderer began the quest for the Orb.
     0 | D:1      | hmmm set off with: a +2 scale mail, a potion of curing, a +0 dagger, a bread ration
     0 | D:1      | Reached XP level 1. HP: 13/13 MP: 2/2
    44 | D:1      | Reached skill level 1 in Fighting
   358 | D:1      | Gained mutation: You are partially covered in sharp spines. [demonic ancestry]
   358 | D:1      | Reached XP level 2. HP: 18/22 MP: 3/3
   400 | D:1      | Found an iron altar of Okawaru.
   429 | D:1      | Became a worshipper of Warmaster Okawaru
   595 | D:1      | Reached skill level 1 in Long Blades
  1013 | D:2      | Noticed Sigmund
  1257 | D:1      | Gained mutation: You are mostly covered in sharp spines. [demonic ancestry]
  1257 | D:1      | Reached XP level 3. HP: 22/27 MP: 4/4
  1600 | D:2      | Killed Sigmund
  1600 | D:2      | Reached skill level 4 in Long Blades
  1600 | D:2      | Gained mutation: Your movements are slightly less encumbered by armour. (ER -2) [demonic ancestry]
  1600 | D:2      | Reached XP level 4. HP: 17/33 MP: 5/5
  1600 | D:2      | Reached XP level 5. HP: 20/38 MP: 6/6
  1919 | D:2      | Reached * piety under Okawaru
  2034 | D:2      | Found a sparkling altar of Nemelex Xobeh.
  2365 | D:3      | Found a faded altar of an unknown god.
  2615 | D:3      | Gained mutation: Your movements are less encumbered by armour. (ER -4) [demonic ancestry]
  2615 | D:3      | Reached XP level 6. HP: 44/44 MP: 7/7
  2625 | D:3      | Reached skill level 5 in Long Blades
  2641 | D:3      | Noticed a moth of wrath
  2644 | D:3      | Found a bloodstained altar of Trog.
  3011 | D:4      | Found a sacrificial altar of Ru.
  3042 | D:4      | Found a burning altar of Makhleb.
  3184 | D:4      | Reached skill level 1 in Dodging
  3196 | D:4      | Found a snail-covered altar of Cheibriados.
  3286 | D:4      | Reached skill level 6 in Long Blades
  3286 | D:4      | Gained mutation: You regenerate a little health from kills. [demonic ancestry]
  3286 | D:4      | Reached XP level 7. HP: 23/49 MP: 8/8
  3593 | D:5      | Entered Level 5 of the Dungeon
  3593 | D:5      | Noticed Duvessa
  3593 | D:5      | Noticed Dowan
  3593 | D:5      | Noticed Grinder
  3671 | D:5      | Killed Dowan
  3683 | D:4      | Reached ** piety under Okawaru
  3791 | D:4      | Killed Duvessa
  3943 | D:5      | Killed Grinder
  3943 | D:5      | Reached skill level 7 in Long Blades
  3943 | D:5      | Reached XP level 8. HP: 42/56 MP: 9/9
  4055 | D:5      | Found a shattered altar of Ashenzari.
  4260 | D:5      | Reached skill level 8 in Long Blades
  4341 | D:5      | Found a glowing golden altar of the Shining One.
  4425 | D:6      | Reached *** piety under Okawaru
  4672 | D:5      | Reached skill level 9 in Long Blades
  4672 | D:5      | Gained mutation: Your movements are significantly less encumbered by armour. (ER -6) [demonic ancestry]
  4672 | D:5      | Reached XP level 9. HP: 44/63 MP: 10/10
  4949 | D:6      | Found a shadowy altar of Dithmenos.
  5023 | D:6      | Found a stormy altar of Qazlal.
  5120 | D:7      | Found a staircase to the Ecumenical Temple.
  5166 | D:7      | Reached **** piety under Okawaru
  5170 | D:7      | Reached skill level 5 in Armour
  5739 | D:8      | Reached skill level 10 in Long Blades
  5742 | D:8      | Got a bone short sword
  5743 | D:8      | Identified the cursed +1 short sword of Tomorrow {drain, rPois rN+} (You found it on level 8 of the Dungeon)
  5793 | D:8      | Found a white marble altar of Elyvilon.
  5926 | D:8      | Found a staircase to the Lair.
  5965 | D:8      | Found a basalt altar of Yredelemnul.
  5976 | D:8      | Reached skill level 5 in Fighting
  6365 | D:8      | Found a sparkling altar of Nemelex Xobeh.
  6471 | D:8      | Reached ***** piety under Okawaru
  6471 | D:8      | Reached XP level 10. HP: 74/74 MP: 11/11
  6537 | D:9      | Found a stormy altar of Qazlal.
  6593 | D:9      | Found a glowing silver altar of Zin.
  6666 | D:9      | Noticed Joseph
  6692 | D:9      | Killed Joseph
  6820 | D:9      | Received a gift from Okawaru
  6829 | D:9      | Got a dazzling ring mail {god gift}
  6840 | D:9      | Identified the +3 ring mail of Becheluc {rElec MR+ Str+4 Slay-3} (Okawaru gifted it to you on level 9 of the Dungeon)
  6999 | D:9      | Noticed Grum
  7032 | D:9      | Killed Grum
  7203 | D:9      | Reached skill level 11 in Long Blades
  7358 | D:9      | Found a staircase to the Orcish Mines.
  7736 | Lair:1   | Entered Level 1 of the Lair of Beasts
  7736 | Lair:1   | Noticed a spiny frog
  7756 | Lair:1   | Killed a spiny frog
  7756 | Lair:1   | Reached skill level 1 in Invocations
  7873 | Lair:1   | Noticed a black mamba
  7880 | Lair:1   | Killed a black mamba
  7927 | Lair:1   | Noticed a spiny frog
  7939 | Lair:1   | Gained mutation: You have a pair of small horns on your head. [demonic ancestry]
  7939 | Lair:1   | Reached XP level 11. HP: 82/82 MP: 13/13
  8221 | Lair:1   | Reached skill level 12 in Long Blades
  8234 | Lair:1   | Received a gift from Okawaru
  8255 | Lair:1   | Got an ancient lajatang {god gift}
  8256 | Lair:1   | Identified the +3 lajatang of Taxation {flame, rF+ Str+2} (Okawaru gifted it to you on level 1 of the Lair of Beasts)
  8368 | Lair:1   | Reached skill level 5 in Invocations
  8852 | Lair:2   | Noticed a seven-headed hydra
  8881 | Lair:2   | Killed a two-headed hydra
  8881 | Lair:2   | Received a gift from Okawaru
  8920 | Lair:2   | Noticed Fannar
  9182 | Lair:2   | Received a gift from Okawaru
  9298 | Lair:2   | Killed Fannar
  9298 | Lair:2   | Reached XP level 12. HP: 36/92 MP: 17/17
  9302 | Lair:2   | Gained mutation: Your magical capacity is low. (-10% MP) [potion of mutation]
  9302 | Lair:2   | Gained mutation: You have sharp toenails. [potion of mutation]
  9326 | Lair:2   | Found a staircase to the Snake Pit.
  9354 | Lair:2   | Reached skill level 13 in Long Blades
  9753 | Lair:3   | Found a staircase to the Swamp.
  9898 | Lair:3   | Received a gift from Okawaru
  9901 | Lair:3   | Got a fine scimitar {god gift}
  9902 | Lair:3   | Identified the +1 scimitar of the Priest {flame, Int+3} (Okawaru gifted it to you on level 3 of the Lair of Beasts)
 10049 | Lair:3   | Found an opulent altar of Gozag.
 10209 | Lair:3   | You fall through a shaft for 3 floors!
 10209 | Lair:6   | Entered Level 6 of the Lair of Beasts
 10495 | Lair:4   | Reached skill level 14 in Long Blades
 10505 | Lair:4   | Reached ****** piety under Okawaru
 10505 | Lair:4   | Received a gift from Okawaru
 10522 | Lair:4   | Identified a +1 pair of boots of running (Okawaru gifted it to you on level 4 of the Lair of Beasts)
 11394 | Lair:4   | Found a snail-covered altar of Cheibriados.
 11682 | Lair:5   | Found a staircase to the Slime Pits.
 11994 | Lair:5   | Noticed an acid blob
 12008 | Lair:5   | Killed an acid blob
 12008 | Lair:5   | Reached skill level 15 in Long Blades
 12031 | Lair:5   | Noticed a four-headed hydra
 12049 | Lair:5   | Killed a one-headed hydra
 12449 | Lair:6   | Noticed Rupert
 12585 | Lair:6   | Killed Rupert
 12585 | Lair:6   | Gained mutation: You are completely covered in sharp spines. [demonic ancestry]
 12585 | Lair:6   | Reached XP level 13. HP: 59/98 MP: 12/17
 12855 | Lair:6   | Found a runed door.
 12892 | Lair:6   | Received a gift from Okawaru
 12977 | Lair:6   | Reached skill level 16 in Long Blades
 13090 | Lair:6   | Got a slimy triple sword {god gift}
 13091 | Lair:6   | Identified the +6 triple sword "Wufamun" {vamp, rC- rN++} (Okawaru gifted it to you on level 6 of the Lair of Beasts)
 13150 | Lair:6   | Paralysed by a hornet for 1 turns
 13876 | Orc:1    | Entered Level 1 of the Orcish Mines
 13964 | Orc:2    | Entered Level 2 of the Orcish Mines
 13964 | Orc:2    | Found Eggih's Book Shop.
 14210 | Orc:2    | Found a staircase to the Elven Halls.
 14232 | Orc:2    | Received a gift from Okawaru
 14357 | Orc:2    | Found Zeax's Food Boutique.
 14358 | Orc:2    | Found Zov Coi's Food Shop.
 14398 | Orc:2    | Reached skill level 17 in Long Blades
 14728 | Orc:2    | HP: 3/98 [orc priest/divine providence (16)]
 15125 | Orc:2    | Received a gift from Okawaru
 15125 | Orc:2    | Gained mutation: You have a pair of horns on your head. [demonic ancestry]
 15125 | Orc:2    | Reached XP level 14. HP: 105/105 MP: 18/18
 15224 | Orc:2    | HP: 2/105 [orc high priest/divine providence (14)]
 15671 | Orc:2    | Reached skill level 18 in Long Blades
 15686 | Orc:2    | Found Giupyoca's Book Emporium.
 15686 | Orc:2    | Found Inyat's Antique Armour Shoppe.
 15686 | Orc:2    | Found a one-way gate leading to the halls of Pandemonium.
 15690 | Orc:2    | Bought a runed scarf for 168 gold pieces
 15870 | Orc:1    | Found Utul's Gadget Emporium.
 16333 | D:10     | Entered Level 10 of the Dungeon
 16380 | D:10     | Noticed Snorg
 16382 | D:10     | Noticed Erolcha
 16394 | D:10     | Killed Snorg
 16394 | D:10     | Received a gift from Okawaru
 16398 | D:10     | Killed Erolcha
 16434 | D:10     | Found Leuhiky's Food Emporium.
 16505 | D:10     | Noticed Urug
 16515 | D:10     | Killed Urug
 16829 | D:11     | Noticed Harold
 16856 | D:11     | Received a gift from Okawaru
 17116 | D:11     | Killed Harold
 17222 | D:11     | Found Woklaroe's Antique Armour Boutique.
 17229 | D:11     | Bought an ichor-stained scale mail for 234 gold pieces
 17239 | D:11     | Identified the cursed +0 scale mail "Waopsos" {Str+3 Slay+4} (You bought it in a shop on level 11 of the Dungeon)
 17823 | D:12     | Reached skill level 19 in Long Blades
 18538 | D:12     | Found a runed door.
 18565 | D:12     | Found a runed door.
 18903 | D:13     | Received a gift from Okawaru
 18976 | D:13     | Reached XP level 15. HP: 72/110 MP: 18/18
 19079 | D:13     | Received a gift from Okawaru
 19100 | D:13     | HP: 2/110 [skeletal warrior/halberd[a skeletal warrior] (12)]
 19244 | D:12     | Reached skill level 20 in Long Blades
 19739 | D:13     | Found a gate to the Vaults.
 19997 | D:13     | Found a deep blue altar of Sif Muna.
 20739 | D:14     | Noticed Menkaure
 20747 | D:14     | Killed Menkaure
 20947 | D:15     | Entered Level 15 of the Dungeon
 20951 | D:15     | Received a gift from Okawaru
 21051 | D:15     | Found a frozen archway.
 21077 | IceCv    | Entered an ice cave
 21487 | D:15     | Reached skill level 21 in Long Blades
 21537 | D:15     | Found a staircase to the Depths.
 21601 | D:15     | Received a gift from Okawaru
 22415 | D:14     | Reached XP level 16. HP: 117/117 MP: 19/19
 22634 | Swamp:1  | Entered Level 1 of the Swamp
 22655 | Swamp:1  | Slain by a shambling mangrove

Skill      XL: |  1  2  3  4  5  6  7  8  9 10 11 12 13 14 15 |
---------------+----------------------------------------------+-----
Fighting       | 1 3 5 6 8 |  8.1
Long Blades    | 1 4 6 7 9 10 11 12 15 17 19 21 | 21.5
Dodging        | 1 3 4 |  4.0
Armour         | 4 5 7 8 |  8.2
Invocations    | 3 7 8 |  8.0
Bows           | |  1.0
Stealth        | |  1.0
Shields        | |  1.0
Spellcasting   | |  1.0
Conjurations   | |  2.0

Action                   |  1- 3 |  4- 6 |  7- 9 | 10-12 | 13-15 | 16-18 || total
-------------------------+-------+-------+-------+-------+-------+-------++-------
Melee: Dagger            |    59 |       |       |       |       |       ||    59
       Falchion          |    41 |   116 |   450 |   180 |       |       ||   787
       Long sword        |       |       |       |   340 |       |       ||   340
       Headbutt          |       |       |       |   112 |   337 |     6 ||   455
       Punch             |       |       |       |     2 |     3 |       ||     5
       Scimitar          |       |       |       |   200 |   201 |       ||   401
       Kick              |       |       |       |    56 |       |       ||    56
       Great sword       |       |       |       |    16 |   580 |       ||   596
       Triple sword      |       |       |       |       |   567 |    23 ||   590
Invok: Heroism           |       |       |       |     4 |     5 |       ||     9
       Finesse           |       |       |       |     3 |     7 |       ||    10
Evoke: Wand              |       |       |     2 |     1 |     8 |       ||    11
       Phantom mirror    |       |       |       |       |     1 |       ||     1
  Use: Potion            |     2 |       |     3 |     8 |     7 |       ||    20
       Scroll            |       |    10 |     4 |     8 |    11 |       ||    33
  Eat: Bread ration      |     1 |       |     1 |     4 |     7 |     1 ||    14
       Chunk             |       |     3 |     5 |     7 |    10 |       ||    25
       Royal jelly       |       |       |     1 |       |       |       ||     1
Armor: Scale mail        |    59 |    36 |   133 |   223 |   300 |       ||   751
       Chain mail        |       |       |       |       |    64 |       ||    64
       Plate armour      |       |       |       |       |   198 |    20 ||   218
Dodge: Dodged            |    45 |    51 |   191 |   367 |   646 |    19 ||  1319
       Rpst.: Falchion   |     2 |    16 |    58 |    15 |       |       ||    91
       Long sword        |       |       |       |    44 |       |       ||    44
       Scimitar          |       |       |       |    22 |    31 |       ||    53
       Great sword       |       |       |       |     1 |    63 |       ||    64
       Triple sword      |       |       |       |       |    45 |     3 ||    48
